[Event "7th Paul Keres Memorial Festival 2026 Rapid"]
[Site "ESTONIA Resort Hotel & Spa conference center, EE"]
[Date "2026.08.02"]
[Round "1"]
[White "Maltsevskaya, Aleksandra"]
[Black "Zafra, Kim"]
[Result "1-0"]
[Board "10"]
[TimeControl "12+3"]
[WhiteFideId "24174041"]
[BlackFideId "5267080"]
[WhiteElo "2369"]
[BlackElo "1783"]
[WhiteTitle "IM"]
[WhiteClock "0:02:12"]
[BlackClock "0:02:30"]
[Variant "Standard"]
[EndDate "2026.08.02"]
[EndTime "07:55:38"]

1. e4 d6 2. d4 Nf6 3. Bd3 g6 4. Nf3 Bg4 5. c3 Bg7 6. O-O O-O 7. h3 Bxf3 8. Qxf3 Nc6 9. b4 a6 10. Bd2 e5 11. d5 Ne7 12. c4 Nd7 13. Nc3 f5 14. Rac1 b6 15. Bg5 Bf6 16. Bxf6 Rxf6 17. Qd1 f4 18. Na4 f3 19. g3 a5 20. a3 axb4 21. axb4 Nc5 22. bxc5 Qd7 23. Kh2 g5 24. c6 Qc8 25. Rh1 Rh6 26. Bf1 Ng6 27. Ra1 Nf4 28. gxf4 Qg4 29. Qd2 exf4 30. Ra2 Kh8 31. Nxb6 Rg8 32. Qd4+ Rg7 33. Ra8+ 1-0

[Event "7th Paul Keres Memorial Festival 2026 Rapid"]
[Site "ESTONIA Resort Hotel & Spa conference center, EE"]
[Date "2026.08.02"]
[Round "2"]
[White "Shirov, Alexei"]
[Black "Jakubowska, Anna"]
[Result "1-0"]
[Board "1"]
[TimeControl "12+3"]
[WhiteFideId "2209390"]
[BlackFideId "1121952"]
[WhiteElo "2616"]
[BlackElo "2046"]
[WhiteTitle "GM"]
[BlackTitle "WIM"]
[WhiteClock "0:00:21"]
[BlackClock "0:00:33"]
[Variant "Standard"]
[EndDate "2026.08.02"]
[EndTime "08:37:54"]

1. d4 f5 2. g3 g6 3. Bg2 Nf6 4. Nf3 Bg7 5. b4 O-O 6. Bb2 a5 7. b5 b6 8. Ne5 Ra7 9. c4 d6 10. Nd3 Bb7 11. Bxb7 Rxb7 12. d5 e5 13. dxe6 Qe7 14. Nf4 g5 15. Nd5 Qxe6 16. Bxf6 Bxf6 17. Nxf6+ Rxf6 18. Nc3 Nd7 19. h4 g4 20. Nd5 Rf7 21. O-O Ne5 22. Rc1 Rb8 23. f4 gxf3 24. exf3 Rg7 25. Kh2 Rf8 26. Rc2 f4 27. Nxf4 Rxf4 28. gxf4 Qh6 29. Rg2 Qxf4+ 30. Kg1 Rxg2+ 31. Kxg2 Qxc4 32. Qb3 d5 33. Qxc4 Nxc4 34. Kf2 Kf7 35. Rc1 Ke6 36. Ke2 Kd6 37. f4 Na3 38. Rc6+ Kd7 39. Rh6 Nxb5 40. Rxh7+ Ke6 41. Kd2 Kf5 42. h5 Kxf4 43. Rg7 Nd6 44. h6 1-0

[Event "7th Paul Keres Memorial Festival 2026 Rapid"]
[Site "ESTONIA Resort Hotel & Spa conference center, EE"]
[Date "2026.08.02"]
[Round "2"]
[White "Puusepp, Kaimar"]
[Black "Lagarde, Maxime"]
[Result "0-1"]
[Board "2"]
[TimeControl "12+3"]
[WhiteFideId "4502760"]
[BlackFideId "662399"]
[WhiteElo "2031"]
[BlackElo "2599"]
[WhiteTitle "CM"]
[BlackTitle "GM"]
[WhiteClock "0:06:06"]
[BlackClock "0:05:29"]
[Variant "Standard"]
[EndDate "2026.08.02"]
[EndTime "08:25:55"]

1. c4 Nf6 2. Nf3 g6 3. Nc3 Bg7 4. d4 O-O 5. e4 d6 6. Be2 Nbd7 7. O-O e5 8. Be3 Qe7 9. dxe5 dxe5 10. Nd5 Qd8 11. Qc2 c6 12. Nxf6+ Bxf6 13. c5 Qe7 14. b4 Rd8 15. Nd2 Bg5 16. Nc4 Bxe3 17. fxe3 Nf6 18. Qb2 Nxe4 19. Qxe5 Qxe5 20. Nxe5 Be6 21. Bc4 Bxc4 22. Nxc4 Nd2 23. Nxd2 Rxd2 24. Rf2 Rxf2 25. Kxf2 a5 26. Rb1 axb4 27. Rxb4 Rxa2+ 28. Kf3 Rc2 29. Rxb7 Rxc5 30. Rc7 h5 31. h4 Rc1 32. g4 hxg4+ 33. Kxg4 Kg7 34. Kg5 Rc4 35. e4 Rxe4 0-1

[Event "7th Paul Keres Memorial Festival 2026 Rapid"]
[Site "ESTONIA Resort Hotel & Spa conference center, EE"]
[Date "2026.08.02"]
[Round "2"]
[White "Fridman, Daniel"]
[Black "Voropaiev, Illia"]
[Result "1-0"]
[Board "3"]
[TimeControl "12+3"]
[WhiteFideId "11600454"]
[BlackFideId "34175083"]
[WhiteElo "2555"]
[BlackElo "1978"]
[WhiteTitle "GM"]
[WhiteClock "0:01:40"]
[BlackClock "0:00:36"]
[Variant "Standard"]
[EndDate "2026.08.02"]
[EndTime "08:36:18"]

1. d4 Nf6 2. Nf3 g6 3. g3 Bg7 4. c4 O-O 5. Bg2 d6 6. Nc3 Nbd7 7. O-O e5 8. e4 Re8 9. h3 exd4 10. Nxd4 Nc5 11. Re1 a5 12. Ndb5 Nfd7 13. Be3 Rb8 14. Rc1 b6 15. f4 Bb7 16. Bf2 Nf6 17. Qc2 c6 18. Nd4 Qc7 19. a3 Nfd7 20. b4 Ne6 21. Qd2 Ndf8 22. Nb3 axb4 23. axb4 Ra8 24. Red1 Red8 25. f5 Bxc3 26. Rxc3 Ng7 27. Nd4 Ra4 28. Rd3 Qe7 29. g4 Nd7 30. Nf3 d5 31. exd5 cxd5 32. Qh6 gxf5 33. Ng5 Nf8 34. Bd4 f6 35. Bxf6 Qc7 36. Bxd8 Qxd8 37. Rxd5 1-0

[Event "7th Paul Keres Memorial Festival 2026 Rapid"]
[Site "ESTONIA Resort Hotel & Spa conference center, EE"]
[Date "2026.08.02"]
[Round "2"]
[White "Mironov, Ruslan"]
[Black "Laurusas, Tomas"]
[Result "0-1"]
[Board "4"]
[TimeControl "12+3"]
[WhiteFideId "4500431"]
[BlackFideId "12803731"]
[WhiteElo "2062"]
[BlackElo "2462"]
[BlackTitle "GM"]
[WhiteClock "0:01:28"]
[BlackClock "0:09:53"]
[Variant "Standard"]
[EndDate "2026.08.02"]
[EndTime "08:25:36"]

1. e4 c6 2. d4 d5 3. exd5 cxd5 4. Bd3 Nf6 5. h3 Nc6 6. c3 Qc7 7. Nf3 g6 8. O-O Bf5 9. Be2 Bg7 10. Be3 O-O 11. Nbd2 Rad8 12. Qc1 Rfe8 13. Nb3 Ne4 14. Bf4 Qb6 15. g4 Bd7 16. Bh6 Bh8 17. Ng5 Nd6 18. Nc5 Bc8 19. b4 e5 20. Bf3 e4 21. Be2 f6 22. a4 fxg5 23. a5 Qc7 24. Bxg5 Nf7 25. Bxd8 Qxd8 26. Bd1 Qh4 27. Qf4 Ng5 28. Qg3 Qxh3 29. Bb3 Nf3+ 0-1

[Event "7th Paul Keres Memorial Festival 2026 Rapid"]
[Site "ESTONIA Resort Hotel & Spa conference center, EE"]
[Date "2026.08.02"]
[Round "2"]
[White "Keinanen, Toivo"]
[Black "Pakalns, Raivis Kristians"]
[Result "1-0"]
[Board "5"]
[TimeControl "12+3"]
[WhiteFideId "509825"]
[BlackFideId "11607483"]
[WhiteElo "2585"]
[BlackElo "1995"]
[WhiteTitle "IM"]
[WhiteClock "0:06:43"]
[BlackClock "0:03:21"]
[Variant "Standard"]
[EndDate "2026.08.02"]
[EndTime "08:27:20"]

1. d4 g6 2. e4 Bg7 3. Nf3 d6 4. Bc4 e6 5. O-O Ne7 6. a4 O-O 7. c3 b6 8. a5 Bb7 9. Qe2 d5 10. exd5 Nxd5 11. a6 Bc8 12. Bg5 Qd6 13. Nbd2 c6 14. Ne4 Qc7 15. Qd2 Nd7 16. Bh6 b5 17. Bd3 Rb8 18. b3 N5f6 19. Nxf6+ Bxf6 20. Bxf8 Kxf8 21. Qh6+ Kg8 22. Ng5 Nf8 23. Ne4 Bg7 24. Qe3 Qb6 25. Qg3 b4 26. c4 Bd7 27. c5 Qd8 28. Qe3 e5 29. dxe5 Bxe5 30. Rad1 Ne6 31. Bc4 Qe7 32. Rfe1 Bc7 33. Rxd7 1-0

[Event "7th Paul Keres Memorial Festival 2026 Rapid"]
[Site "ESTONIA Resort Hotel & Spa conference center, EE"]
[Date "2026.08.02"]
[Round "2"]
[White "Lazars, Krisjanis"]
[Black "Kazakouski, Valery"]
[Result "0-1"]
[Board "6"]
[TimeControl "12+3"]
[WhiteFideId "11635452"]
[BlackFideId "13507443"]
[WhiteElo "2107"]
[BlackElo "2528"]
[WhiteTitle "CM"]
[BlackTitle "GM"]
[WhiteClock "0:00:48"]
[BlackClock "0:02:54"]
[Variant "Standard"]
[EndDate "2026.08.02"]
[EndTime "08:36:12"]

1. e4 c5 2. Nf3 g6 3. d4 cxd4 4. Qxd4 Nf6 5. Nc3 Nc6 6. Qd1 Bg7 7. Be3 d6 8. Be2 O-O 9. O-O b6 10. Nd4 Bb7 11. Nxc6 Bxc6 12. Bf3 Qc7 13. Rc1 b5 14. Bd4 e5 15. Be3 b4 16. Nd5 Bxd5 17. exd5 e4 18. Be2 Qa5 19. Bc4 Rac8 20. Bb3 Nd7 21. Bd4 Bxd4 22. Qxd4 Rfe8 23. c4 bxc3 24. Rxc3 Rxc3 25. bxc3 Nc5 26. h4 Qd8 27. h5 Qh4 28. hxg6 hxg6 29. Re1 Re5 30. Re3 Qh6 31. Bd1 Qg5 32. c4 Re7 33. Rh3 Qe5 34. Qxe5 Rxe5 35. Ra3 Re7 36. Ba4 Kg7 37. Kf1 Kf6 38. Ke2 Ke5 39. Ke3 f5 40. g3 g5 41. f4+ exf3 42. Kxf3 g4+ 43. Ke3 Ne4 44. Ke2 Rh7 45. Bc2 Rh2+ 46. Kd1 Kd4 47. Bxe4 fxe4 48. Rxa7 Kxc4 49. Ra5 Rg2 50. Ke1 Rxg3 51. Kf2 Rf3+ 52. Ke2 g3 53. Ra8 Kxd5 54. Rg8 Ra3 55. Rg6 Rxa2+ 56. Ke3 Ra3+ 57. Ke2 g2 58. Kd2 Ra1 0-1

[Event "7th Paul Keres Memorial Festival 2026 Rapid"]
[Site "ESTONIA Resort Hotel & Spa conference center, EE"]
[Date "2026.08.02"]
[Round "2"]
[White "Harikrishnan.A.Ra"]
[Black "Melderis, Uldis"]
[Result "1-0"]
[Board "7"]
[TimeControl "12+3"]
[WhiteFideId "5081483"]
[BlackFideId "11600845"]
[WhiteElo "2404"]
[BlackElo "1955"]
[WhiteTitle "GM"]
[WhiteClock "0:05:23"]
[BlackClock "0:00:30"]
[Variant "Standard"]
[EndDate "2026.08.02"]
[EndTime "08:33:37"]

1. d4 d5 2. Bf4 e6 3. e3 c5 4. c3 Qb6 5. Qb3 Nf6 6. Nf3 Bd7 7. Nbd2 Nc6 8. Qxb6 axb6 9. Bc7 cxd4 10. exd4 h6 11. Bxb6 Bd6 12. Nb3 O-O 13. Bc5 Bxc5 14. Nxc5 b6 15. Nxd7 Nxd7 16. Bb5 Rfc8 17. Ke2 Nf6 18. Bxc6 Rxc6 19. Ne5 Rc7 20. f3 Kf8 21. g4 Ne8 22. h4 Nd6 23. Nd3 Nc4 24. a3 Nd6 25. Raf1 f6 26. Nf4 Kf7 27. g5 Rcc8 28. g6+ Ke7 29. Kd3 Kd7 30. Rh2 Nf5 31. h5 Rc6 32. Re1 Re8 33. Rhe2 Re7 34. a4 Ng3 35. Rg2 Nf5 36. b4 Nh4 37. Rf2 Rd6 38. Kc2 e5 39. dxe5 fxe5 40. Nd3 e4 41. fxe4 dxe4 42. Nb2 Nf3 43. Re3 Rf6 44. Rfe2 Rf4 45. Nc4 Re6 46. a5 bxa5 47. Nxa5 Re5 48. Nc4 Re6 49. Kb3 Kc6 50. Ka4 Rf5 51. Rxe4 Rxe4 52. Rxe4 Rxh5 53. Re7 Rg5 54. Rxg7 Nh4 55. Rh7 Nxg6 56. Rxh6 Kd5 57. Kb3 Ne5 1-0

[Event "7th Paul Keres Memorial Festival 2026 Rapid"]
[Site "ESTONIA Resort Hotel & Spa conference center, EE"]
[Date "2026.08.02"]
[Round "2"]
[White "Bondarenko, Dmitry"]
[Black "Mayorau, Mikita"]
[Result "0-1"]
[Board "8"]
[TimeControl "12+3"]
[WhiteFideId "34105708"]
[BlackFideId "13501720"]
[WhiteElo "1956"]
[BlackElo "2392"]
[BlackTitle "GM"]
[WhiteClock "0:05:58"]
[BlackClock "0:05:20"]
[Variant "Standard"]
[EndDate "2026.08.02"]
[EndTime "08:26:21"]

1. d4 Nf6 2. Nf3 g6 3. e3 Bg7 4. Be2 O-O 5. O-O c5 6. c4 cxd4 7. exd4 d5 8. b3 Nc6 9. Bb2 b6 10. Nbd2 Bb7 11. Rc1 Nh5 12. g3 Rc8 13. c5 bxc5 14. Rxc5 Nf6 15. Bb5 Ne4 16. Rc2 Qa5 17. Bxc6 Bxc6 18. Qa1 Bb5 19. Rfc1 Rxc2 20. Rxc2 Bd3 21. Rc6 Nxd2 22. Nxd2 Qxd2 23. Bc1 Qd1+ 0-1

[Event "7th Paul Keres Memorial Festival 2026 Rapid"]
[Site "ESTONIA Resort Hotel & Spa conference center, EE"]
[Date "2026.08.02"]
[Round "2"]
[White "Jakubowski, Krzysztof"]
[Black "Kais, Kristofer"]
[Result "1-0"]
[Board "9"]
[TimeControl "12+3"]
[WhiteFideId "1112848"]
[BlackFideId "4518241"]
[WhiteElo "2365"]
[BlackElo "1894"]
[WhiteTitle "GM"]
[WhiteClock "0:01:13"]
[BlackClock "0:00:07"]
[Variant "Standard"]
[EndDate "2026.08.02"]
[EndTime "08:36:31"]

1. c4 e5 2. e3 Nf6 3. Nc3 c6 4. Nf3 e4 5. Nd4 d5 6. cxd5 cxd5 7. d3 Nc6 8. Nxc6 bxc6 9. dxe4 dxe4 10. Qxd8+ Kxd8 11. Bc4 Ke7 12. b3 a5 13. Na4 Nd5 14. Bb2 f5 15. Bxd5 cxd5 16. Rc1 Be6 17. Kd2 Kd8 18. g3 Bb4+ 19. Bc3 Ke7 20. Bxb4+ axb4 21. Rc7+ Kf6 22. Rhc1 Rab8 23. R1c6 Rhc8 24. Nc5 Rxc7 25. Rxc7 Rb6 26. Ra7 Rc6 27. Na6 Rb6 28. Nc7 Bf7 29. Ra6 Rxa6 30. Nxa6 g5 31. Nxb4 Ke5 32. a4 f4 33. gxf4+ gxf4 34. Nc6+ Kf5 35. a5 f3 36. a6 Be8 37. Nd4+ Kg4 38. a7 1-0

[Event "7th Paul Keres Memorial Festival 2026 Rapid"]
[Site "ESTONIA Resort Hotel & Spa conference center, EE"]
[Date "2026.08.02"]
[Round "3"]
[White "Krustkalns, Kristaps"]
[Black "Shirov, Alexei"]
[Result "0-1"]
[Board "1"]
[TimeControl "12+3"]
[WhiteFideId "11602686"]
[BlackFideId "2209390"]
[WhiteElo "1967"]
[BlackElo "2616"]
[WhiteTitle "FM"]
[BlackTitle "GM"]
[WhiteClock "0:00:11"]
[BlackClock "0:00:11"]
[Variant "Standard"]
[EndDate "2026.08.02"]
[EndTime "09:14:30"]

1. e4 c5 2. Nf3 e6 3. d4 cxd4 4. Nxd4 Nc6 5. Nc3 a6 6. f4 Nxd4 7. Qxd4 b5 8. a3 Bb7 9. Be3 Rc8 10. Qa7 Qc7 11. Bd3 Nf6 12. O-O Ng4 13. Bd4 e5 14. fxe5 Bc5 15. Qxc5 Qxc5 16. Bxc5 Rxc5 17. a4 b4 18. Nd5 a5 19. Rf5 Bxd5 20. exd5 Rxd5 21. Bc4 Rxe5 22. Bxf7+ Ke7 23. Rxe5+ Nxe5 24. Bd5 Rc8 25. Re1 Kd6 26. Rd1 Kc7 27. Be4 h6 28. Rd5 Re8 29. Rxa5 Ng4 30. h3 Rxe4 31. hxg4 Rxg4 32. Rf5 Rc4 33. b3 Rxc2 34. Rf4 d5 35. Rxb4 Kc6 36. Rb8 Ra2 37. Rg8 d4 38. Kf1 d3 39. Rxg7 Ra1+ 40. Kf2 d2 41. Rg6+ Kc5 42. b4+ Kxb4 0-1

[Event "7th Paul Keres Memorial Festival 2026 Rapid"]
[Site "ESTONIA Resort Hotel & Spa conference center, EE"]
[Date "2026.08.02"]
[Round "3"]
[White "Lagarde, Maxime"]
[Black "Platonovs, Nikolajs"]
[Result "1/2-1/2"]
[Board "2"]
[TimeControl "12+3"]
[WhiteFideId "662399"]
[BlackFideId "11622598"]
[WhiteElo "2599"]
[BlackElo "2188"]
[WhiteTitle "GM"]
[BlackTitle "CM"]
[WhiteClock "0:00:26"]
[BlackClock "0:00:16"]
[Variant "Standard"]
[EndDate "2026.08.02"]
[EndTime "09:15:35"]

1. e4 c5 2. Nf3 d6 3. Bc4 Nf6 4. d3 Nc6 5. O-O g6 6. Re1 Bg7 7. c3 O-O 8. a4 Qc7 9. Nbd2 Nd7 10. Bb3 Nde5 11. Nxe5 Bxe5 12. Nf1 Bd7 13. Bh6 Bg7 14. Qd2 a6 15. Bxg7 Kxg7 16. Ne3 b5 17. h4 h5 18. Nd5 Qd8 19. axb5 axb5 20. Rxa8 Qxa8 21. Qg5 Qd8 22. Nf4 Bg4 23. Bxf7 Rxf7 24. Qxg6+ Kf8 25. Nxh5 Bxh5 26. Qxh5 e6 27. Qh6+ Ke7 28. d4 cxd4 29. Qg5+ Kd7 30. Qxb5 Qb8 31. Qxb8 Nxb8 32. cxd4 Nc6 33. Rd1 Rf4 34. f3 Rxh4 35. g4 Ke7 36. Kg2 Rh8 37. Kg3 Rb8 38. Rd2 Rb3 39. g5 e5 40. dxe5 Nxe5 41. Rf2 Nd3 42. Rf1 Rxb2 43. f4 Nc5 44. Re1 Rb4 45. Kf3 Ke6 46. Re3 Rb1 47. Kg4 Rb3 48. Re2 Rb4 49. e5 Re4 50. Rxe4 Nxe4 51. exd6 Nxd6 52. Kh5 Kf7 53. Kh6 Nf5+ 54. Kh7 Ng7 55. g6+ Kf6 56. Kh6 Nf5 57. Kh5 Ng7+ 1/2-1/2

[Event "7th Paul Keres Memorial Festival 2026 Rapid"]
[Site "ESTONIA Resort Hotel & Spa conference center, EE"]
[Date "2026.08.02"]
[Round "3"]
[White "Povilaitis, Tomas"]
[Black "Fridman, Daniel"]
[Result "1/2-1/2"]
[Board "3"]
[TimeControl "12+3"]
[WhiteFideId "12811700"]
[BlackFideId "11600454"]
[WhiteElo "2154"]
[BlackElo "2555"]
[BlackTitle "GM"]
[WhiteClock "0:01:00"]
[BlackClock "0:03:35"]
[Variant "Standard"]
[EndDate "2026.08.02"]
[EndTime "09:09:40"]

1. e4 c6 2. c4 d5 3. exd5 cxd5 4. cxd5 Nf6 5. Qa4+ Nbd7 6. Nc3 g6 7. Nf3 Bg7 8. Bc4 O-O 9. d3 a6 10. Qa3 Qc7 11. O-O Nb6 12. Qb3 Bg4 13. Ng5 h6 14. d6 exd6 15. Nxf7 Nxc4 16. Nxh6+ Kh7 17. Nxg4 Nxg4 18. Qxc4 Qxc4 19. dxc4 Rae8 20. Be3 Bxc3 21. bxc3 Nxe3 22. fxe3 Rxf1+ 23. Rxf1 Rxe3 24. Rf7+ Kh6 25. Rxb7 Rxc3 26. Rb6 Rc1+ 27. Kf2 Rc2+ 28. Kf3 Rxa2 29. Rxd6 Rc2 30. Rc6 a5 31. h4 Kh5 32. g3 a4 33. Rc8 Kh6 34. c5 a3 35. Ra8 Rxc5 36. Rxa3 Rc6 37. Re3 g5 38. Ke4 1/2-1/2

[Event "7th Paul Keres Memorial Festival 2026 Rapid"]
[Site "ESTONIA Resort Hotel & Spa conference center, EE"]
[Date "2026.08.02"]
[Round "3"]
[White "Laurusas, Tomas"]
[Black "Kubicka, Anna"]
[Result "1-0"]
[Board "4"]
[TimeControl "12+3"]
[WhiteFideId "12803731"]
[BlackFideId "1152254"]
[WhiteElo "2462"]
[BlackElo "2105"]
[WhiteTitle "GM"]
[BlackTitle "WIM"]
[WhiteClock "0:00:27"]
[BlackClock "0:00:10"]
[Variant "Standard"]
[EndDate "2026.08.02"]
[EndTime "09:17:00"]

1. c4 e5 2. Nc3 Nf6 3. Nf3 Nc6 4. d4 exd4 5. Nxd4 Bc5 6. Nb3 Bb4 7. Bd2 O-O 8. e3 Re8 9. Rc1 d5 10. a3 Bf8 11. cxd5 Nxd5 12. Be2 Ne5 13. O-O Nf6 14. Qc2 b6 15. Rfd1 Bb7 16. e4 Qe7 17. f3 c5 18. Be3 Rad8 19. Nd2 Bc8 20. Nc4 Nxc4 21. Bxc4 Be6 22. Bb5 Rxd1+ 23. Rxd1 Rd8 24. a4 Qc7 25. Bf1 Rxd1 26. Qxd1 Bd6 27. g3 Be5 28. Nb5 Qd7 29. Qxd7 Nxd7 30. Nc3 Bb3 31. Bb5 Bxc3 32. bxc3 Ne5 33. Kf2 Nc4 34. Bc1 Nd6 35. Bc6 Kf8 36. a5 Ke7 37. g4 Nc4 38. axb6 axb6 39. f4 Na5 40. Ba8 Ba4 41. Ke3 Bc6 42. Bxc6 Nxc6 43. e5 b5 44. Ke4 b4 45. c4 Na5 46. Kd5 Nb3 47. Be3 g6 48. f5 gxf5 49. gxf5 h5 50. h4 Ke8 51. Bf2 Kd7 52. Bg1 Ke8 53. Be3 Ke7 54. Ke4 Ke8 55. Kd3 Kd7 56. Bf2 Ke8 57. Ke4 Kd7 58. Kd5 Ke8 59. Be3 Kd7 60. f6 Ke8 61. e6 Na5 62. Bxc5 b3 63. Ba3 Nxc4 64. Kxc4 fxe6 65. Kxb3 Kf7 66. Bb2 Kg6 67. Kc4 Kf7 68. Kc5 Ke8 69. Kd6 Kf7 70. Ke5 1-0

[Event "7th Paul Keres Memorial Festival 2026 Rapid"]
[Site "ESTONIA Resort Hotel & Spa conference center, EE"]
[Date "2026.08.02"]
[Round "3"]
[White "Blokhin, Sofia"]
[Black "Keinanen, Toivo"]
[Result "0-1"]
[Board "5"]
[TimeControl "12+3"]
[WhiteFideId "4508190"]
[BlackFideId "509825"]
[WhiteElo "2037"]
[BlackElo "2585"]
[WhiteTitle "WFM"]
[BlackTitle "IM"]
[WhiteClock "0:00:18"]
[BlackClock "0:06:25"]
[Variant "Standard"]
[EndDate "2026.08.02"]
[EndTime "09:07:08"]

1. c4 e6 2. d4 b6 3. Nc3 Bb4 4. a3 Bxc3+ 5. bxc3 Bb7 6. f3 f5 7. Nh3 Nf6 8. Nf2 O-O 9. e3 c5 10. Bd3 Nc6 11. O-O Rc8 12. Bb2 Qe7 13. e4 fxe4 14. fxe4 cxd4 15. cxd4 e5 16. d5 Na5 17. Rc1 d6 18. Nh1 Nd7 19. Ng3 g6 20. Qg4 Kh8 21. Rc2 Nc5 22. Be2 Nab3 23. Rf3 Rce8 24. Bf1 Bc8 25. Rxf8+ Rxf8 26. Qd1 Qf6 27. Qe1 h5 28. Rc3 Nd4 29. Re3 Nc2 30. Qd2 Nxe3 31. Qxe3 h4 32. Qh6+ Kg8 0-1

[Event "7th Paul Keres Memorial Festival 2026 Rapid"]
[Site "ESTONIA Resort Hotel & Spa conference center, EE"]
[Date "2026.08.02"]
[Round "3"]
[White "Kazakouski, Valery"]
[Black "Raag, Ardi"]
[Result "1-0"]
[Board "6"]
[TimeControl "12+3"]
[WhiteFideId "13507443"]
[BlackFideId "4509269"]
[WhiteElo "2528"]
[BlackElo "2023"]
[WhiteTitle "GM"]
[WhiteClock "0:01:08"]
[BlackClock "0:00:06"]
[Variant "Standard"]
[EndDate "2026.08.02"]
[EndTime "09:14:25"]

1. d4 d5 2. c4 e6 3. Nc3 Nf6 4. Bg5 Nbd7 5. cxd5 exd5 6. e3 c6 7. Bd3 h6 8. Bf4 Be7 9. h3 O-O 10. Nf3 Re8 11. O-O a5 12. Bh2 Bf8 13. Rc1 Ne4 14. Qc2 Ng5 15. Ne5 Nxe5 16. dxe5 Ne6 17. f4 Bc5 18. Rce1 d4 19. Ne4 Bb4 20. f5 Ng5 21. Nxg5 Bxe1 22. Nxf7 Kxf7 23. Bc4+ Kf8 24. Rxe1 dxe3 25. e6 Qd2 26. Qxd2 exd2 27. Bd6+ Kg8 28. Rd1 b5 29. Bf1 Bxe6 30. fxe6 Rxe6 31. Rxd2 Re1 32. Bg3 Rc1 33. Bf2 Rf8 34. g4 c5 35. Rd5 c4 36. Rxb5 Rc2 37. Rf5 Rxf5 38. gxf5 Rxb2 39. Bxc4+ Kh7 40. Bf7 Rb4 41. Kg2 Rf4 42. Be6 Ra4 43. Kf3 Rb4 44. Be1 Ra4 45. Bb3 Rd4 46. Bxa5 Rd3+ 47. Kg2 h5 48. Bf7 Ra3 49. Bb4 Ra4 50. a3 1-0

[Event "7th Paul Keres Memorial Festival 2026 Rapid"]
[Site "ESTONIA Resort Hotel & Spa conference center, EE"]
[Date "2026.08.02"]
[Round "3"]
[White "Praczukowski, Stanislaw"]
[Black "Harikrishnan.A.Ra"]
[Result "0-1"]
[Board "7"]
[TimeControl "12+3"]
[WhiteFideId "1182730"]
[BlackFideId "5081483"]
[WhiteElo "2153"]
[BlackElo "2404"]
[BlackTitle "GM"]
[WhiteClock "0:00:06"]
[BlackClock "0:00:16"]
[Variant "Standard"]
[EndDate "2026.08.02"]
[EndTime "09:17:20"]

1. d4 Nf6 2. Nf3 g6 3. g3 Bg7 4. Bg2 O-O 5. O-O d6 6. Nbd2 Nc6 7. b3 e5 8. dxe5 Ng4 9. Bb2 Ngxe5 10. Nxe5 Nxe5 11. Qc1 c6 12. c4 Bg4 13. Nf3 Re8 14. Qd2 Bxf3 15. exf3 Qf6 16. Bxe5 Rxe5 17. Rad1 Bf8 18. f4 Re6 19. Qb4 Qe7 20. Rfe1 a5 21. Qd2 a4 22. Bh3 Rxe1+ 23. Rxe1 Qf6 24. Qb4 axb3 25. axb3 Ra7 26. Qb6 Qc3 27. Qxa7 Qxe1+ 28. Bf1 Qb4 29. Qa4 Qb6 30. b4 d5 31. cxd5 cxd5 32. b5 Bc5 33. Qa2 Qe6 34. Bd3 b6 35. Kg2 Bd4 36. Qe2 Qd6 37. h4 Qf6 38. h5 Kg7 39. hxg6 hxg6 40. Qf3 Qd6 41. f5 g5 42. Qh5 Bf6 43. Qg4 Qa3 44. Qf3 Qc5 45. Qg4 Qc3 46. Qf3 Qd4 47. Bf1 Be7 48. Qe3 Qf6 49. Bd3 Bc5 50. Qf3 Qd4 51. Qe2 Kf6 52. Qf3 Ke7 53. Qe2+ Kd6 54. Qf3 f6 55. Qe2 Qe5 56. Qf3 Qb2 57. Qe2 Qe5 58. Qf3 Bd4 59. Qe2 Kc5 60. Qc2+ Bc3 61. Qe2 Kb4 62. Qc2 Qe1 63. Qe2 d4 64. Qc2 Qd2 65. Qb1+ Bb2 66. Qc2 Qxc2 67. Bxc2 Kc3 68. Bd1 Kd2 69. Bg4 d3 70. Kf1 Kc1 0-1

[Event "7th Paul Keres Memorial Festival 2026 Rapid"]
[Site "ESTONIA Resort Hotel & Spa conference center, EE"]
[Date "2026.08.02"]
[Round "3"]
[White "Mayorau, Mikita"]
[Black "Rajandu, Aaron"]
[Result "1-0"]
[Board "8"]
[TimeControl "12+3"]
[WhiteFideId "13501720"]
[BlackFideId "4514734"]
[WhiteElo "2392"]
[BlackElo "2148"]
[WhiteTitle "GM"]
[WhiteClock "0:05:17"]
[BlackClock "0:04:11"]
[Variant "Standard"]
[EndDate "2026.08.02"]
[EndTime "09:05:14"]

1. d4 d5 2. c4 e6 3. Nc3 Nf6 4. cxd5 exd5 5. Bg5 c6 6. e3 h6 7. Bh4 Be7 8. Bd3 O-O 9. Nge2 Re8 10. O-O Nbd7 11. Qc2 a5 12. Rae1 Ne4 13. Bxe7 Qxe7 14. Na4 Nd6 15. Nc1 b5 16. Nc3 Nf6 17. a4 b4 18. Nb1 Be6 19. Nd2 Qd7 20. Ncb3 Nb7 21. Rc1 Rec8 22. Nc5 Nxc5 23. Qxc5 Qb7 24. Nb3 Nd7 25. Qd6 Qb8 26. Qxb8 Raxb8 27. Nxa5 c5 28. dxc5 Nxc5 29. Bb5 Ra8 30. Nc6 Kf8 31. Rxc5 1-0

[Event "7th Paul Keres Memorial Festival 2026 Rapid"]
[Site "ESTONIA Resort Hotel & Spa conference center, EE"]
[Date "2026.08.02"]
[Round "3"]
[White "Jevglevski, Lev"]
[Black "Jakubowski, Krzysztof"]
[Result "0-1"]
[Board "9"]
[TimeControl "12+3"]
[WhiteFideId "4524225"]
[BlackFideId "1112848"]
[WhiteElo "1934"]
[BlackElo "2365"]
[BlackTitle "GM"]
[WhiteClock "0:01:26"]
[BlackClock "0:03:32"]
[Variant "Standard"]
[EndDate "2026.08.02"]
[EndTime "09:09:09"]

1. e4 c5 2. Nf3 e6 3. d4 cxd4 4. Nxd4 Nc6 5. Nc3 d6 6. Be3 a6 7. Qd2 Nf6 8. f3 Ne5 9. g4 b5 10. a3 Bb7 11. O-O-O Rc8 12. Kb1 Nfd7 13. Bf4 Be7 14. Be2 O-O 15. Nb3 Rc7 16. h4 Qa8 17. Na5 Rfc8 18. Na2 Rxc2 19. Qxc2 Rxc2 20. Kxc2 Bxe4+ 21. fxe4 Qxe4+ 22. Kc1 Qxf4+ 23. Rd2 Nc5 24. Nc3 Nc4 25. Nxc4 bxc4 26. Kc2 d5 27. Rf1 Qe5 28. Bf3 Nb3 29. Rdd1 Bxh4 30. Rh1 Nd4+ 31. Rxd4 Qxd4 0-1

[Event "7th Paul Keres Memorial Festival 2026 Rapid"]
[Site "ESTONIA Resort Hotel & Spa conference center, EE"]
[Date "2026.08.02"]
[Round "4"]
[White "Shirov, Alexei"]
[Black "Mayorau, Mikita"]
[Result "1/2-1/2"]
[Board "1"]
[TimeControl "12+3"]
[WhiteFideId "2209390"]
[BlackFideId "13501720"]
[WhiteElo "2616"]
[BlackElo "2392"]
[WhiteTitle "GM"]
[BlackTitle "GM"]
[WhiteClock "0:00:12"]
[BlackClock "0:00:11"]
[Variant "Standard"]
[EndDate "2026.08.02"]
[EndTime "09:53:11"]

1. e4 d6 2. d4 Nf6 3. Nc3 g6 4. f4 Bg7 5. Nf3 O-O 6. Bd3 Na6 7. e5 Ne8 8. h4 Nb4 9. h5 Nxd3+ 10. Qxd3 Bf5 11. Qe2 c5 12. dxc5 dxe5 13. Nxe5 f6 14. Qc4+ e6 15. g4 fxe5 16. gxf5 gxf5 17. h6 Bf6 18. fxe5 Bxe5 19. Qxe6+ Rf7 20. Rg1+ Kf8 21. Bg5 Bf6 22. Bxf6 Nxf6 23. Rd1 Qe7 24. Qxe7+ Rxe7+ 25. Kf2 Rc8 26. b4 Ng4+ 27. Kf3 Re3+ 28. Kf4 Rxc3 29. Rd7 Nxh6 30. Rxh7 Rc4+ 31. Ke5 Nf7+ 32. Kd5 Rxb4 33. Rgg7 Rc7 34. Rg6 Re4 35. Rf6 Re5+ 36. Kd4 Rd7+ 37. Kc4 Re4+ 38. Kb5 a6+ 39. Kb6 Rb4+ 40. Ka7 Kg8 41. Rh1 f4 42. Rg1+ Kf8 43. Rf1 a5 44. R1xf4 b6+ 45. Ka6 bxc5 46. Rxb4 axb4 47. Kb5 Rc7 48. Rf5 Ke7 49. Rxc5 Rb7+ 50. Kc6 Nd8+ 51. Kd5 Ne6 52. Rc6 Rb5+ 53. Kc4 Rb8 54. c3 Kd7 55. Ra6 Nc7 56. Rh6 bxc3 57. Kxc3 Ne8 1/2-1/2